Map: [ESL] Alcyone

Players

Cyan

  • Race: Protoss Protoss
  • Spawn Location: 7:00

NightMare - Winner!

  • Race: Protoss Protoss
  • Spawn Location: 1:00

Event: ESL Spring 2024 Finals

VOD

Have the link to the VOD?

Description

Time

  • Played on: May 31, 2024, 7:53 p.m.
  • Length: 12:51

All games in this series

Show
View Real Time Build Order
Export as new Build Order

Cyan Protoss 

Build Orders:  

Get SALT Encoding   

  12  0:00  Probe  
  13  0:12  Probe  
  14  0:17  Pylon  
  14  0:24  Probe (Chrono Boost)  
  15  0:36  Probe (Chrono Boost)  
  15  0:37  Gateway  
  16  0:44  Probe (Chrono Boost)  
  16  0:45  Assimilator  
  17  0:51  Probe  
  17  0:54  Assimilator  
  18  1:03  Probe (Chrono Boost)  
  19  1:07  Gateway  
  19  1:13  Probe (Chrono Boost)  
  19  1:17  Probe (Chrono Boost)  
  20  1:25  Cybernetics Core  
  21  1:29  Probe  
  22  1:34  Pylon  
  22  1:41  Probe  
  23  1:53  Probe  
  24  2:02  Stalker  
  24  2:03  Warp Gate  
  24  2:05  Stalker  
  28  2:09  Shield Battery  
  28  2:14  Pylon  
  28  2:17  Probe  
  29  2:32  Stalker  
  29  2:35  Stalker  
  33  2:57  Nexus  
  32  3:05  Shield Battery  
  32  3:09  Sentry, Probe  
  36  3:15  Robotics Facility  
  34  3:20  Shield Battery  
  34  3:21  Probe  
  35  3:29  Pylon  
  35  3:33  Probe  
  36  3:42  Shield Battery  
  36  3:46  Probe  
  37  3:57  Stalker, Sentry  
  37  3:58  Probe  
  43  4:07  Warp Prism (Chrono Boost)  
  42  4:10  Probe  
  42  4:13  Probe  
  46  4:22  Probe  
  47  4:28  Probe  
  48  4:35  Probe (Chrono Boost)  
  48  4:37  Twilight Council  
  49  4:40  Probe (Chrono Boost)  
  49  4:43  Observer  
  52  4:47  Probe (Chrono Boost)  
  52  4:50  Probe (Chrono Boost)  
  52  4:51  Pylon  
  53  4:53  Probe (Chrono Boost)  
  53  4:55  Probe (Chrono Boost)  
  53  4:59  Adept x2  
  59  5:01  Probe  
  59  5:06  Probe  
  61  5:10  Immortal (Chrono Boost)  
  66  5:19  Resonating Glaives  
  66  5:23  Gateway  
  66  5:27  Gateway  
  63  5:37  Gateway  
  63  5:41  Gateway, Immortal (Chrono Boost)  
  67  5:52  Adept  
  67  5:56  Pylon x2  
  69  6:13  Warp Prism, Pylon  
  69  6:18  Gateway  
  71  6:22  Adept x4  
  77  6:40  Adept x2  
  77  6:46  Adept x4  
  89  6:52  Pylon x2  
  89  7:02  Adept x2  
  93  7:12  Warp Prism  
  92  7:15  Adept  
  92  7:16  Adept x3  
  92  7:18  Adept  
  90  7:37  Adept x3  
  86  7:49  Immortal (Chrono Boost)  
  68  8:02  Adept x6  
  68  8:03  Adept  
  76  8:20  Adept  
  76  8:22  Adept x3  
  76  8:23  Immortal (Chrono Boost)  
  88  8:40  Adept x3  
  88  8:41  Adept  
  88  8:51  Adept x3  
  94  9:01  Immortal (Chrono Boost)  
  98  9:16  Adept x3  
  102  9:28  Adept x2  
  78  9:48  Immortal  
  66  10:06  Adept x2  
  66  10:07  Adept x2  
  66  10:08  Assimilator  
  64  10:23  Adept x2  
  64  10:24  Adept  
  68  10:37  Adept x4  
  76  10:45  Immortal (Chrono Boost)  
  80  10:54  Adept x2  
  74  11:00  Adept x2  
  76  11:05  Adept  
  76  11:09  Adept x2  
  82  11:13  Warp Prism (Chrono Boost)  
  82  11:25  Adept x3  
  82  11:26  Adept x2  
  90  11:42  Adept x2  
  94  11:50  Stalker x2  
  98  11:58  Adept x3  
  102  12:17  Adept x3  
  102  12:18  Adept  
  86  12:37  Adept x5  
  72  12:46  Adept x2  
Show
View Real Time Build Order
Export as new Build Order

NightMare Protoss - Winner!

Build Orders: Oracle Opening, Phoenix Opening 

Get SALT Encoding   

  12  0:00  Probe  
  13  0:12  Probe  
  14  0:17  Pylon  
  14  0:24  Probe (Chrono Boost)  
  15  0:37  Gateway, Probe (Chrono Boost)  
  16  0:45  Probe (Chrono Boost)  
  16  0:46  Assimilator  
  17  0:51  Probe  
  17  0:55  Assimilator  
  18  1:03  Probe (Chrono Boost)  
  19  1:07  Gateway  
  19  1:13  Probe (Chrono Boost)  
  19  1:18  Probe (Chrono Boost)  
  21  1:26  Cybernetics Core  
  21  1:29  Probe  
  22  1:34  Pylon  
  22  1:41  Probe  
  23  1:53  Probe  
  24  2:01  Adept  
  24  2:02  Adept, Warp Gate (Chrono Boost)  
  28  2:12  Pylon  
  28  2:19  Stargate  
  28  2:34  Stalker x2  
  31  3:00  Nexus  
  31  3:11  Shield Battery  
  31  3:12  Oracle (Chrono Boost)  
  30  3:22  Stalker  
  32  3:33  Shield Battery  
  32  3:34  Probe  
  33  3:42  Phoenix  
  35  3:50  Stalker  
  35  3:52  Probe  
  38  4:04  Probe  
  38  4:09  Twilight Council  
  39  4:19  Gateway, Probe  
  39  4:20  Probe  
  41  4:31  Probe  
  42  4:32  Probe  
  42  4:33  Stalker  
  42  4:39  Stalker  
  42  4:42  Blink (Chrono Boost)  
  42  4:43  Probe  
  42  4:44  Probe  
  46  4:56  Probe x2  
  48  5:05  Stalker x2  
  52  5:10  Probe x2  
  54  5:26  Pylon  
  54  5:29  Nexus  
  54  5:39  Robotics Facility  
  54  5:44  Shield Battery  
  54  5:45  Probe x2  
  56  5:54  Gateway x2  
  56  6:01  Assimilator  
  56  6:03  Adept  
  56  6:04  Adept  
  60  6:05  Sentry  
  60  6:09  Pylon  
  62  6:15  Pylon  
  62  6:27  Probe x2  
  64  6:34  Stalker x3  
  70  6:45  Shield Battery  
  70  6:47  Shield Battery  
  70  6:51  Stalker x2  
  74  6:54  Gateway  
  74  6:59  Stalker x3  
  76  7:10  Probe x2  
  76  7:14  Stalker x2  
  80  7:17  Pylon  
  80  7:26  Stalker  
  77  7:30  Shield Battery  
  74  7:38  Stalker, Zealot x3  
  74  7:39  Probe  
  75  7:50  Probe x2  
  66  7:54  Stalker x2  
  68  8:02  Probe (Chrono Boost)  
  68  8:04  Probe (Chrono Boost)  
  68  8:05  Probe (Chrono Boost)  
  69  8:15  Probe (Chrono Boost)  
  69  8:19  Pylon  
  70  8:20  Stalker x2  
  70  8:21  Probe (Chrono Boost)  
  75  8:28  Stalker x2  
  75  8:32  Probe x2  
  81  8:41  Stalker  
  81  8:44  Probe  
  81  8:45  Probe x2  
  81  8:47  Phoenix (Chrono Boost)  
  88  9:00  Shield Battery  
  91  9:02  Shield Battery  
  91  9:09  Stalker x3  
  92  9:29  Stalker x3  
  95  9:35  Zealot, Stalker x2  
  86  9:56  Probe, Pylon  
  86  9:57  Probe x2  
  85  10:08  Stalker  
  85  10:09  Stalker x2  
  85  10:11  Probe  
  85  10:13  Probe  
  91  10:21  Probe  
  91  10:23  Probe  
  91  10:25  Stalker, Probe  
  95  10:29  Stalker  
  97  10:36  Probe x2  
  97  10:47  Pylon, Probe  
  97  10:48  Probe  
  97  10:49  Pylon  
  97  10:59  Stalker x3  
  97  11:01  Probe x2  
  101  11:05  Probe, Pylon  
  102  11:12  Immortal (Chrono Boost)  
  102  11:15  Probe  
  102  11:16  Probe  
  102  11:18  Probe  
  109  11:24  Stalker x3  
  111  11:35  Stalker x3  
  111  11:38  Assimilator  
  117  11:43  Probe x3  
  117  11:46  Shield Battery  
  120  11:51  Assimilator, Stalker x2  
  124  12:00  Pylon x2  
  124  12:20  Stalker x5  
  124  12:21  Stalker  
  136  12:24  Shield Battery  
  134  12:35  Shield Battery  
  118  12:50  Stalker x4  
Tags
 
Add a new tag
Caveats
  • Supply blocks, unpowered buildings, or Contaminate may cause inaccurate times.
  • Supply counts are checked every 10 seconds.